Cogmind - Beta 17 @@@ ROGUE MODE // 2026.07.19 @ 10:43:16 Player: obl-vn Result: Destroyed by S-43 Plague with Heavy Machine Gun Performance ------------- Evolutions (7) 3500 Regions Visited (9) 1800 Robots Destroyed (0) 0 Value Destroyed (0) 0 Prototype IDs (0) 0 Alien Tech Used (0) 0 Bonus (4585) 4585 TOTAL SCORE: 9885 Bonus ------- Pacifist 4085 Entered DSFs 500 Cogmind --------- Core Integrity 0/1300 Matter 300/300 Energy 99/100 System Corruption 3% Temperature Cool (0) Movement Core (50) Location -3/Research Parts ------- > --- POWER (1) -------- (None) > --- PROPULSION (2) --- (None) > --- UTILITY (16) ----- (None) > --- WEAPON (2) ------- (None) > --- INVENTORY (5) ---- Advanced Signal Interpreter Advanced Signal Interpreter Improved System Guard Peak State ------------ > --- POWER ------------ (None) > --- PROPULSION ------- (None) > --- UTILITY ---------- (None) > --- WEAPON ----------- (None) > --- INVENTORY -------- Advanced Signal Interpreter Advanced Signal Interpreter [Rating: 1] Favorites ----------- Power None Propulsion None Utility None Weapon None Build | -11 -10 -9 -8 -7 -6 -6 -5 -4 -3 ------- Run | Yrd Mat Mat Mat Fac Fac DSF Fac Fac Res Slots Evolved 14 | . . 2 2 2 2 . 2 2 2 Power . | . . . . . . . . . . Propulsion . | . . . . . . . . . . Utility 14 | . . 2 2 2 2 . 2 2 2 Weapon . | . . . . . . . . . . Parts Attached . | . . . . . . . . . . Power . | . . . . . . . . . . Engine . | . . . . . . . . . . Core . | . . . . . . . . . . Reactor . | . . . . . . . . . . Propulsion . | . . . . . . . . . . Treads . | . . . . . . . . . . Leg . | . . . . . . . . . . Wheel . | . . . . . . . . . . Hover . | . . . . . . . . . . Flight . | . . . . . . . . . . Utility . | . . . . . . . . . . Device . | . . . . . . . . . . Storage . | . . . . . . . . . . Processor . | . . . . . . . . . . Hackware . | . . . . . . . . . . Protection . | . . . . . . . . . . Artifact . | . . . . . . . . . . Weapon . | . . . . . . . . . . Energy Gun . | . . . . . . . . . . Energy Cannon . | . . . . . . . . . . Ballistic Gun . | . . . . . . . . . . Ballistic Cannon . | . . . . . . . . . . Launcher . | . . . . . . . . . . Special Weapon . | . . . . . . . . . . Impact Weapon . | . . . . . . . . . . Slashing Weapon . | . . . . . . . . . . Piercing Weapon . | . . . . . . . . . . Special Melee Weapon . | . . . . . . . . . . Unidentified Prototypes . | . . . . . . . . . . Parts Lost . | . . . . . . . . . . Power . | . . . . . . . . . . Propulsion . | . . . . . . . . . . Utility . | . . . . . . . . . . Weapon . | . . . . . . . . . . Highest Loss Streak . | . . . . . . . . . . To Critical Strikes . | . . . . . . . . . . Average Backups . | . . . . . . . . 1 3 Power . | . . . . . . . . . . Propulsion . | . . . . . . . . . . Utility . | . . . . . . . . 1 3 Weapon . | . . . . . . . . . . Tool/Special . | . . . . . . . . . . Unused Backups 3 | . . . . . . . . . 3 Power . | . . . . . . . . . . Propulsion . | . . . . . . . . . . Utility 3 | . . . . . . . . . 3 Weapon . | . . . . . . . . . . Tool/Special . | . . . . . . . . . . Average Slot Usage (%) . | . . . . . . . . . . Peak Build Rating 1 | . . . . . . . . 1 1 Average Rating . | . . . . . . . . . 1 On Entrance . | . . . . . . . . . 1 Avg Prop Armor Cover (%) . | . . . . . . . . . . Naked Turns 741 | . 29 43 73 72 3 27 179 163 152 Heaviest Build . | . . . . . . . . . . Greatest Support 3 | 3 3 3 3 3 3 3 3 3 3 Greatest Overweight (x) . | . . . . . . . . . . Average Overweight (x) . | . . . . . . . . . . Largest Inventory Capacity 5 | 5 5 5 5 5 5 5 5 5 5 Average Capacity 5 | 5 5 5 5 5 5 5 5 5 5 Most Carried 3 | . . . . . . . . 3 3 Average Carried 1 | . . . . . . . . 1 3 Final Capacity 5 | 5 5 5 5 5 5 5 5 5 5 Final Carried 3 | . . . . . . . . 3 3 Class Distribution -------------------- 100% | Mutant Dominant Class ---------------- Mutant | -10/Materials Mutant | -9/Materials Mutant | -8/Materials Mutant | -7/Factory Mutant | -6/Factory Mutant | -6/DSF Mutant | -5/Factory Mutant | -4/Factory Mutant | -3/Research Resources | -11 -10 -9 -8 -7 -6 -6 -5 -4 -3 ----------- Run | Yrd Mat Mat Mat Fac Fac DSF Fac Fac Res Matter Collected 175 | 161 . . . . . . . . 14 Remotely . | . . . . . . . . . . Salvage Created . | . . . . . . . . . . Parts . | . . . . . . . . . . Haulers Intercepted . | . . . . . . . . . . Recyclers Shooed . | . . . . . . . . . . Parts Field Recycled . | . . . . . . . . . . Retrieved Matter . | . . . . . . . . . . Parts Self-Destructed . | . . . . . . . . . . Prevented . | . . . . . . . . . . Parts Restored . | . . . . . . . . . . Kills | -11 -10 -9 -8 -7 -6 -6 -5 -4 -3 ------- Run | Yrd Mat Mat Mat Fac Fac DSF Fac Fac Res Combat Hostiles Destroyed . | . . . . . . . . . . Classes Destroyed . | . . . . . . . . . . Best Kill Streak . | . . . . . . . . . . Combat Bots Only . | . . . . . . . . . . Max Kills in Single Turn . | . . . . . . . . . . Gunslinging . | . . . . . . . . . . Exploded . | . . . . . . . . . . Melee . | . . . . . . . . . . Uniques/NPCs Destroyed . | . . . . . . . . . . Combat | -11 -10 -9 -8 -7 -6 -6 -5 -4 -3 -------- Run | Yrd Mat Mat Mat Fac Fac DSF Fac Fac Res Hostile Shots Fired 283 | . . 3 12 . . 8 61 89 110 Missed 134 | . . 2 6 . . 2 34 40 50 Hits 149 | . . 1 6 . . 6 27 49 60 Projectile 149 | . . 1 6 . . 6 27 49 60 Critical Strikes 4 | . . . . . . 1 . 2 1 Damage Taken 2895 | . . 10 96 . . 175 474 823 1317 Core 2895 | . . 10 96 . . 175 474 823 1317 Absorbed by Shields 31 | . . . . . . . . . 31 Core Remaining (%) 79 | 100 100 97 82 100 . 79 52 28 . Volleys Fired . | . . . . . . . . . . Largest . | . . . . . . . . . . Hottest . | . . . . . . . . . . Shots Fired . | . . . . . . . . . . Gun . | . . . . . . . . . . Cannon . | . . . . . . . . . . Launcher . | . . . . . . . . . . Special . | . . . . . . . . . . Kinetic . | . . . . . . . . . . Thermal . | . . . . . . . . . . Explosive . | . . . . . . . . . . Electromagnetic . | . . . . . . . . . . Robot Hit Streak . | . . . . . . . . . . Robot Miss Streak . | . . . . . . . . . . Penetration Max . | . . . . . . . . . . Secondary Targets . | . . . . . . . . . . Shots Hit Robots . | . . . . . . . . . . Core Hits 1 | . . . . . . . . . 1 Critical Kills . | . . . . . . . . . . Critical Parts Destroyed . | . . . . . . . . . . Critical Strikes . | . . . . . . . . . . Melee Attacks . | . . . . . . . . . . Impact . | . . . . . . . . . . Slashing . | . . . . . . . . . . Piercing . | . . . . . . . . . . Sneak Attacks . | . . . . . . . . . . Combat Hostiles . | . . . . . . . . . . Follow-up Attacks . | . . . . . . . . . . Damage Inflicted 19 | . . . . . . . . 1 18 Guns . | . . . . . . . . . . Cannons . | . . . . . . . . . . Explosions . | . . . . . . . . . . Melee . | . . . . . . . . . . Ramming 19 | . . . . . . . . 1 18 Kinetic . | . . . . . . . . . . Thermal . | . . . . . . . . . . Explosive . | . . . . . . . . . . Electromagnetic . | . . . . . . . . . . Impact . | . . . . . . . . . . Slashing . | . . . . . . . . . . Piercing . | . . . . . . . . . . Highest Corruption 3 | . . . . . . . 1 2 3 Average Corruption 2 | . . . . . . . 1 1 2 Corruption Purged . | . . . . . . . . . . Corruption Blocked . | . . . . . . . . . . Effects 1 | . . . . . . . . 1 . Message Errors 1 | . . . . . . . . 1 . Overload Shots . | . . . . . . . . . . Overflow Damage . | . . . . . . . . . . Projectiles . | . . . . . . . . . . Explosions . | . . . . . . . . . . Melee . | . . . . . . . . . . Knockbacks . | . . . . . . . . . . Impact . | . . . . . . . . . . Kinetic . | . . . . . . . . . . Secondary . | . . . . . . . . . . Self-Inflicted Damage 8 | . . . . . . . . . 8 Shots . | . . . . . . . . . . Rammed 8 | . . . . . . . . 1 7 Targets Rammed 8 | . . . . . . . . 1 7 Kicked . | . . . . . . . . . . Crushed . | . . . . . . . . . . Highest Temperature 2 | . . . . . . . . . 2 Average Temperature 2 | . . . . . . . . . 2 Received Heat Transfer 150 | . . 6 9 . . 9 18 18 90 Siege Activations . | . . . . . . . . . . Martial Activations . | . . . . . . . . . . Shielding Activations . | . . . . . . . . . . Robots Disrupted . | . . . . . . . . . . Combat Hostiles . | . . . . . . . . . . Robots Corrupted . | . . . . . . . . . . Combat Hostiles . | . . . . . . . . . . Parts Fried . | . . . . . . . . . . Impact Corruptions . | . . . . . . . . . . Robots Melted . | . . . . . . . . . . Combat Hostiles . | . . . . . . . . . . Parts Melted . | . . . . . . . . . . Heat Transferred . | . . . . . . . . . . Parts Sabotaged . | . . . . . . . . . . Parts Stolen . | . . . . . . . . . . Parts Stripped . | . . . . . . . . . . Power Chain Reactions . | . . . . . . . . . . Alert | -11 -10 -9 -8 -7 -6 -6 -5 -4 -3 ------- Run | Yrd Mat Mat Mat Fac Fac DSF Fac Fac Res Maximum Alert Level . | . . . . . . . . . . Low Security (%) 100 | 100 100 100 100 100 100 100 100 100 100 Level 1 . | . . . . . . . . . . Level 2 . | . . . . . . . . . . Level 3 . | . . . . . . . . . . Level 4 . | . . . . . . . . . . Level 5 . | . . . . . . . . . . High Security . | . . . . . . . . . . Max Security . | . . . . . . . . . . Peak Influence 190 | . . . 35 15 2 1 40 145 190 Initial 65 | . . . . 15 2 1 . 19 65 Average 32 | . . . 6 6 2 1 6 56 84 Influence Increases 501 | . . . 45 15 . . 75 171 195 Successful Hack 6 | . . . . . . . . 6 . Partial Spotted 45 | . . . . 15 . . 15 . 15 Lose Combat Pursuer 450 | . . . 45 . . . 60 165 180 Influence Decreases 311 | . . . 10 45 3 1 36 86 130 Entered New Map 106 | . . . . 20 3 1 1 21 60 Time Decay 195 | . . . 10 25 . . 35 55 70 Lost Ally 10 | . . . . . . . . 10 . Squads Dispatched 8 | . . . 1 . . . 1 2 4 Investigation 2 | . . . . . . . . 1 1 Extermination 1 | . . . . . . . . 1 . Reinforcement 5 | . . . 1 . . . 1 . 3 Assault . | . . . . . . . . . . Garrison . | . . . . . . . . . . Intercept . | . . . . . . . . . . Searches Triggered . | . . . . . . . . . . Construction Impeded . | . . . . . . . . . . Haulers Reinforced 1 | . . . . . . . . . 1 Active Scanning Responses . | . . . . . . . . . . Cargo Convoy Interrupts . | . . . . . . . . . . Stealth | -11 -10 -9 -8 -7 -6 -6 -5 -4 -3 --------- Run | Yrd Mat Mat Mat Fac Fac DSF Fac Fac Res Distress Signals 2 | . . . . . . . 1 1 . Communications Jammed . | . . . . . . . . . . Distress Signals . | . . . . . . . . . . Times Spotted 79 | . 1 5 8 . . 2 13 26 24 Peak Tracking Total 13 | . 1 5 8 . . 2 8 13 13 Tactical Retreats 9 | . . . 1 . . . 2 2 4 Traps | -11 -10 -9 -8 -7 -6 -6 -5 -4 -3 ------- Run | Yrd Mat Mat Mat Fac Fac DSF Fac Fac Res Traps Triggered 3 | . . . . . . 1 1 . 1 Indirectly . | . . . . . . . . . . Trap Hack Attempts . | . . . . . . . . . . Triggered . | . . . . . . . . . . Disarmed . | . . . . . . . . . . Reprogrammed . | . . . . . . . . . . Reused . | . . . . . . . . . . Traps Extracted . | . . . . . . . . . . Installed . | . . . . . . . . . . Triggered . | . . . . . . . . . . Machines | -11 -10 -9 -8 -7 -6 -6 -5 -4 -3 ---------- Run | Yrd Mat Mat Mat Fac Fac DSF Fac Fac Res Machines Disabled . | . . . . . . . . . . Max in Single Turn . | . . . . . . . . . . Machines Repaired . | . . . . . . . . . . Machines Dismantled . | . . . . . . . . . . Machines Sabotaged . | . . . . . . . . . . Overloaded Fab Kills . | . . . . . . . . . . Hacking | -11 -10 -9 -8 -7 -6 -6 -5 -4 -3 --------- Run | Yrd Mat Mat Mat Fac Fac DSF Fac Fac Res Machines Accessed 7 | . 1 1 . . 1 . 1 2 1 Terminals 7 | . 1 1 . . 1 . 1 2 1 Fabricators . | . . . . . . . . . . Repair Stations . | . . . . . . . . . . Recycling Units . | . . . . . . . . . . Scanalyzers . | . . . . . . . . . . Garrison Access . | . . . . . . . . . . Total Hacks 16 | . 3 2 . . 3 . 1 5 2 Successful 3 | . . . . . 1 . 1 1 . Failed 13 | . 3 2 . . 2 . . 4 2 Catastrophic 4 | . . 1 . . . . . 2 1 Database Lockouts . | . . . . . . . . . . Manual 6 | . . 1 . . . . . 5 . Terminals 16 | . 3 2 . . 3 . 1 5 2 Fabricators . | . . . . . . . . . . Repair Stations . | . . . . . . . . . . Recycling Units . | . . . . . . . . . . Scanalyzers . | . . . . . . . . . . Garrison Access . | . . . . . . . . . . Terminal Hacks 2 | . . . . . 1 . 1 . . Open DSF 2 | . . . . . 1 . 1 . . Fabricator Hacks . | . . . . . . . . . . Repair Station Hacks . | . . . . . . . . . . Recycling Unit Hacks . | . . . . . . . . . . Scanalyzer . | . . . . . . . . . . Garrison Access Hacks . | . . . . . . . . . . Unauthorized Hacks 1 | . . . . . . . . 1 . Terminals 1 | . . . . . . . . 1 . Assimilate 1 | . . . . . . . . 1 . Fabricators . | . . . . . . . . . . Repair Stations . | . . . . . . . . . . Recycling Units . | . . . . . . . . . . Scanalyzers . | . . . . . . . . . . Garrison Access . | . . . . . . . . . . Data Cores Recovered . | . . . . . . . . . . Used . | . . . . . . . . . . Hacking Detections 6 | . 1 1 . . 1 . . 2 1 Full Trace Events 3 | . . 1 . . . . . 1 1 Feedback Events . | . . . . . . . . . . Feedback Blocked . | . . . . . . . . . . Robot Schematics Acquired . | . . . . . . . . . . Robots Built . | . . . . . . . . . . Authchips . | . . . . . . . . . . Time . | . . . . . . . . . . Total Robot Build Rating . | . . . . . . . . . . Part Schematics Acquired . | . . . . . . . . . . Parts Built . | . . . . . . . . . . Authchips . | . . . . . . . . . . Time . | . . . . . . . . . . Total Part Build Rating . | . . . . . . . . . . Part Studies Acquired . | . . . . . . . . . . Parts Repaired . | . . . . . . . . . . Time . | . . . . . . . . . . Parts Recycled . | . . . . . . . . . . Recycled Matter . | . . . . . . . . . . Retrieved Matter . | . . . . . . . . . . Retrieved Components . | . . . . . . . . . . Parts Scanalyzed . | . . . . . . . . . . Part Schematics Acquired . | . . . . . . . . . . Parts Damaged . | . . . . . . . . . . Bothacking | -11 -10 -9 -8 -7 -6 -6 -5 -4 -3 ------------ Run | Yrd Mat Mat Mat Fac Fac DSF Fac Fac Res Used RIF Installer . | . . . . . . . . . . Robots Hacked . | . . . . . . . . . . Non-combat . | . . . . . . . . . . Combat . | . . . . . . . . . . Robot Hacks Applied . | . . . . . . . . . . Relay Couplers Released . | . . . . . . . . . . Fabnet Peak Effective % . | . . . . . . . . . . Robots Rewired . | . . . . . . . . . . Allies Hacked . | . . . . . . . . . . Hacks Repelled . | . . . . . . . . . . Allies | -11 -10 -9 -8 -7 -6 -6 -5 -4 -3 -------- Run | Yrd Mat Mat Mat Fac Fac DSF Fac Fac Res Total Allies 1 | . . . . . . . . 1 . Largest Group 1 | . . . . . . . . 1 . Highest-Rated Group 10 | . . . . . . . . 10 . Highest-Rated Ally 10 | . . . . . . . . 10 . Total Orders . | . . . . . . . . . . Ally Attacks . | . . . . . . . . . . Total Damage . | . . . . . . . . . . Kills . | . . . . . . . . . . Allies Corrupted . | . . . . . . . . . . Allies Melted . | . . . . . . . . . . Intel | -11 -10 -9 -8 -7 -6 -6 -5 -4 -3 ------- Run | Yrd Mat Mat Mat Fac Fac DSF Fac Fac Res Active Infowar (turns) . | . . . . . . . . . . Robot Analysis Total . | . . . . . . . . . . Derelict Logs Recovered . | . . . . . . . . . . Drone Launches . | . . . . . . . . . . Drone Recoveries . | . . . . . . . . . . Exploration | -11 -10 -9 -8 -7 -6 -6 -5 -4 -3 ------------- Run | Yrd Mat Mat Mat Fac Fac DSF Fac Fac Res Turns Passed 750 | 9 29 43 73 72 3 27 179 163 152 Spaces Moved 1424 | 18 58 86 146 144 6 52 344 303 267 Core 1424 | 18 58 86 146 144 6 52 344 303 267 Treads . | . . . . . . . . . . Legs . | . . . . . . . . . . Wheels . | . . . . . . . . . . Hover . | . . . . . . . . . . Flight . | . . . . . . . . . . Fastest Speed 50 | 50 50 50 50 50 50 50 50 50 50 Average Speed 50 | 50 50 50 50 50 50 50 50 50 50 Slowest Speed 50 | 50 50 50 50 50 50 50 50 50 50 Overloaded Moves . | . . . . . . . . . . Propulsion Burnouts . | . . . . . . . . . . Robots Hopped . | . . . . . . . . . . Potential Cave-ins . | . . . . . . . . . . Cave-ins Triggered . | . . . . . . . . . . Exploration Rate (%) 18 | 3 15 11 21 3 . 68 15 13 15 Regions Visited 9 Branch Regions . Pre-discovered Areas . | . . . . . . . . . . Known Exits Taken 1 | . . . . . 1 . . . . Unknown Exits Taken 7 | 1 1 1 1 1 . . 1 1 . Scrap Searched . | . . . . . . . . . . Spaces Dug . | . . . . . . . . . . Terrain Destroyed . | . . . . . . . . . . Melee . | . . . . . . . . . . Projectile . | . . . . . . . . . . AOE . | . . . . . . . . . . Terrain Rammed . | . . . . . . . . . . Walls Destroyed . | . . . . . . . . . . Machines Disabled . | . . . . . . . . . . Actions | -11 -10 -9 -8 -7 -6 -6 -5 -4 -3 --------- Run | Yrd Mat Mat Mat Fac Fac DSF Fac Fac Res Total 1452 | 17 57 85 145 143 5 52 350 313 285 Wait 15 | . . . . . . . 7 7 1 Move 1415 | 17 57 85 145 143 5 51 343 302 267 Hop . | . . . . . . . . . . Pick Up 3 | . . . . . . . . 3 . Fast Attach . | . . . . . . . . . . Attach . | . . . . . . . . . . Detach . | . . . . . . . . . . Swap . | . . . . . . . . . . Drop . | . . . . . . . . . . Fire . | . . . . . . . . . . Melee . | . . . . . . . . . . Ram 8 | . . . . . . . . 1 7 Kick . | . . . . . . . . . . Crush . | . . . . . . . . . . Escape Stasis 10 | . . . . . . . . . 10 Rewire 1 | . . . . . . 1 . . . Trap . | . . . . . . . . . . Miscellaneous . | . . . . . . . . . . Route ------- -11/Scrapyard -10/Materials -9/Materials -8/Materials -7/Factory -6/Factory -6/DSF -5/Factory -4/Factory -3/Research (discovered 1 exit: [*Qua]) History --------- Turn | Location | Event 3 | -11/Scrapyard | Discovered new exit (range 16) 10 | -11/Scrapyard | Entered Materials 37 | -10/Materials | Discovered new exit (range 5) 39 | -10/Materials | Entered another Materials area 39 | -9/Materials | Evolved 2 slots: Utility x2 75 | -9/Materials | Discovered new exit (range 15) 82 | -9/Materials | Entered another Materials area 82 | -8/Materials | Evolved 2 slots: Utility x2 148 | -8/Materials | Discovered new exit (range 15) 155 | -8/Materials | Entered Factory 155 | -7/Factory | Evolved 2 slots: Utility x2 195 | -7/Factory | Discovered new exit (range 8) 227 | -7/Factory | Entered another Factory area 227 | -6/Factory | Evolved 2 slots: Utility x2 230 | -6/Factory | Identified exit to DSF 230 | -6/Factory | Entered DSF 248 | -6/DSF | Additional patrols routed to DSF 251 | -6/DSF | Discovered new exit (range 14) 257 | -6/DSF | Entered Factory 257 | -5/Factory | Evolved 2 slots: Utility x2 305 | -5/Factory | Build established: Mutant 372 | -5/Factory | Spotted B-75 Beast 433 | -5/Factory | Discovered new exit (range 7) 436 | -5/Factory | Entered another Factory area 436 | -4/Factory | Evolved 2 slots: Utility x2 581 | -4/Factory | Core integrity fell below 50% 595 | -4/Factory | Discovered new exit (range 9) 599 | -4/Factory | Entered Research 599 | -3/Research | Evolved 2 slots: Utility x2 704 | -3/Research | Core integrity fell below 50% 731 | -3/Research | Core integrity fell below 20% 750 | -3/Research | Discovered new exit (range 14) 751 | -3/Research | Destroyed by S-43 Plague with Heavy Machine Gun Last Messages --------------- 00659_ Slammed into G-67 Veteran. 00690_ Connecting with Terminal... 00690_ Current location identified: Research 00690_ ALERT: Suspicious activity at Terminal R017. Dispatching Investigation squad. 00699_ K-01 Serf destroyed. 00700_ Terminal disabled. 00703_ K-01 Serf collects debris. 00704_ Acquired 14 matter. 00705_ O-16 Technician: "IFF HANDSHAKE FAILED. SECURING TERMINAL." 00710_ Slammed into S-43 Plague. 00711_ K-01 Serf collects debris. 00713_ U-05 Engineer destroyed. 00716_ P-80 Master resets S-43 Plague, system corruption cleaned. 00718_ ALERT: Security rotation in progress. 00749_ ALERT: Hostiles spotted, dispatching reinforcements to Terminal R013. 00750_ EXIT=FOUND Map ----- +----------------------------------------------------+ | ?????????????????????????????????????????????????? | | ?????????????????????????????????????????????????? | | ?????????????????????????????????????????????????? | | ?????????????????????????????????????????????????? | | ?????????????????????????????????????????????????? | | ?????????????????????????????????????????????????? | | ?????????????????????????????????????????????????? | | ?????????????????????????????????????????????????? | | ?????????????????????????????????????????????????? | | ?????????????????????????????????????????????????? | | ?????????????????????????????????????????????????? | | ?????????????????????????????????????????????????? | | ?????????????????????????????????????????????????? | | ?????????????????????????????????????????????????? | | ??????????????????????##?????##??????????????????? | | ??????????????????????# ????? #??????????????????? | | ??????????????????????# ] #??????????????????? | | ??????????????????????# #??????????????????? | | ??????????????????????? ???????????????????? | | ??????????????????????? """ ???????????????????? | | ???????????????????????? """ ????????????????????? | | ???????????????????????? """ ????????????????????? | | ????????????????????????? ?????????????????????? | | ????????????????????????? ?????????????????????? | | ??????????????????????####+####??????????????????? | | ??????????????????????# @ ###+#####+#####????? | | ???????????????######## #????? | | ???????? #????? | | ???????? < #????? | | ???????? #????? | | ????????? ########## w #????? | | ??????????????????????# ###+#########+?????? | | ??????????????????????### ###??????????????????? | | ??????H?????????????????# #????????????????????? | | ?????????????????#####??# #????????????????????? | | ?????????????????# ?# #????????????????????? | | ?????????????????# ?# #????????????????????? | | ?????????????????# # #????????????????????? | | ?????????????????# # #????????????????????? | | ?????????????????# | + #????????????????????? | | ?????????????????# # #??????#?????????????? | | ?????????????????######## #???? #?????????????? | | ????????????????????????# #?? #?????????????? | | ????????????????????????# # #?????????????? | | ????????????????????????# + ! #?????????????? | | ????????????????????????# ########?????????????? | | ????????????????????????# #???? #?????????????? | | ????????????????????????# #?? #?????????????? | | ????????????????????????# # ! #?????????????? | | ????????????????????????+ + !#?????????????? | +----------------------------------------------------+ Best States ------------- Heat Dissipation 46 Energy Generation 5 Energy Capacity 100 Matter Stores 300 Matter Capacity 300 Sight Range 16 Terrain Scan Density 10 Evasion (%) 50 Item Schematics ----------------- None Robot Schematics ------------------ None Fabricated ------------ Nothing Repaired ---------- Nothing Studied --------- None Alien Tech Used ----------------- None Achievements -------------- None Challenges ------------ None Game ------ Seed VampiricMultinovaVibroblade Manual? 0 Play Time 00:20:41 Cumulative 146.8 hours Start 2026.07.19 @ 10:17:09 End 2026.07.19 @ 10:43:16 Sessions 1 Manual Loads 0 Difficulty Rogue Special Mode None Game No. 102 Rogue 102 Adventurer 0 Explorer 0 Win Type - Total 2 Types 1/0/0/1/0/0/0/0/0/0 Lore% 49 Gallery% 58 Achievement% 53 Wizard Run 0 Options --------- Layout 2 ASCII 0 Keyboard 0 Movement Mouse Keybinds 0 Fullscreen 1 Font 48/Smallcaps Map View 50x44 Zoom Use 0% Tactical HUD 1 Map Filters NONE Filters NONE Steam 1 RUN: 88cfafef-dbb0-4f00-9c2e-c531118b12dd